 Dungeon Crawl Stone Soup version 0.19.4-10-g532645f (webtiles) character file.

303 galech the Shield-Bearer (level 6, -1/38 HPs)
             Began as a Gargoyle Fighter on Feb 23, 2017.
             Was an Initiate of Elyvilon.
             Killed from afar by an orc wizard (6 damage)
             ... with a puff of flame
             ... on level 3 of the Dungeon.
             The game lasted 00:06:04 (2122 turns).

galech the Shield-Bearer (Gargoyle Fighter)         Turns: 2122, Time: 00:06:05

Health: -1/38      AC: 11    Str: 22    XL:     6   Next: 38%
Magic:  6/6        EV:  8    Int:  8    God:    Elyvilon [......]
Gold:   256        SH: 10    Dex:  9    Spells: 0 memorised, 5 levels left

rFire  . . .     SeeInvis .     a - +0 flail
rCold  . . .     Gourm    .     b - +0 scale mail
rNeg   + . .     Faith    .     c - +0 shield
rPois  ∞         Spirit   .     (no helmet)
rElec  +         Reflect  .     (no cloak)
rCorr  .         Harm     .     (no gloves)
MR     .....                    (no boots)
Stlth  ..........               o - amulet of rage (curse)
                                (no ring)
                                i - ring of flight

@: no status effects
A: negative energy resistance 1, electricity resistance, unbreathing,
petrification resistance, rot immunity, AC +4
a: Renounce Religion, Evoke Berserk Rage, Evoke Flight


You were on level 3 of the Dungeon.
You worshipped Elyvilon.
Elyvilon was noncommittal.
You were not hungry.

You visited 1 branch of the dungeon, and saw 3 of its levels.
You also visited: Sewer.

You collected 256 gold pieces.

Inventory:

Hand Weapons
 a - a +0 flail (weapon)
Armour
 b - a +0 scale mail (worn)
 c - a +0 shield (worn)
Jewellery
 i - a ring of flight (left hand)
 o - a cursed amulet of rage (around neck)
Scrolls
 e - 2 scrolls of noise
 j - a scroll of teleportation {unknown}
 l - a scroll of random uselessness {unknown}
 m - a scroll of immolation {unknown}
 q - a scroll of enchant weapon {unknown}
 s - 4 scrolls of identify
Potions
 d - 2 potions of might
 g - 6 potions of curing {unknown}
 h - a potion of berserk rage {unknown}
 k - a potion of cancellation {unknown}
 n - a potion of mutation {unknown}
 t - a potion of heal wounds {unknown}
 v - a potion of haste {unknown}
 w - 2 potions of flight {unknown}
Comestibles
 f - 3 bread rations
 p - a meat ration
 r - 3 fruits


   Skills:
 + Level 4.0 Fighting
 + Level 4.1 Maces & Flails
 + Level 4.1 Armour
 + Level 1.3 Dodging
 + Level 5.0 Shields


You had 5 spell levels left.
You didn't know any spells.

Dungeon Overview and Level Annotations

Branches:
Dungeon (3/15)

Altars:


Innate Abilities, Weirdness & Mutations

You are resistant to torment.
Your stone body is resilient. (AC +4)
You are immune to poison.
You resist negative energy. (rN+)
You are resistant to electric shocks. (rElec)
You can survive without breathing.
You are immune to petrification.
You are immune to rotting.


Message History

The puff of flame misses you.
You miss something. Something hits you.
* * * LOW HITPOINT WARNING * * *
You miss something. Something hits you but does no damage. Something hits you.
* * * LOW HITPOINT WARNING * * *
You barely miss something. Something hits you but does no damage.
Your shield prevents you from hitting something.
Something hits you but does no damage.
You miss something. Something hits you but does no damage.
You closely miss something.
Something hits you but does no damage. x2
Your shield prevents you from hitting something.
Something hits you but does no damage.
You closely miss something.
An orc wizard appears from thin air!
Reactivating autopickup.
The orc wizard hits you but does no damage.
You closely miss the orc wizard.
The orc wizard hits you but does no damage.
The orc wizard casts a spell at you. The puff of flame hits you!
You die...

.#.. #.
.#.#
#.###.#.#
#.#.....#
#.#.....#
#.......#
#.......#
#.o)..<.#
##@#).###
#.#.....
#.#.#####
#.#.#
#.#.#
#.#.#
#.#.# #.#
#.#


You could see an orc wizard.

Vanquished Creatures
  A big kobold (Sewer)
  2 orc wizards (D:3)
  Ijyb (D:2)
  2 adders (D:3)
  2 worms (D:2)
  3 dart slugs
  4 leopard geckos
  8 orcs (D:3)
  A ball python (D:1)
  10 bats
  6 giant cockroaches
  11 goblins
  15 hobgoblins
  10 jackals
  2 quokkas (D:2)
  2 frilled lizards
  9 kobolds
  11 rats
100 creatures vanquished.

Notes
Turn   | Place    | Note
-------+----------+-------------------------------------------
     0 | D:1      | galech the Gargoyle Fighter began the quest for the Orb.
     0 | D:1      | Reached XP level 1. HP: 14/14 MP: 1/1
    91 | D:1      | Reached XP level 2. HP: 16/19 MP: 2/2
   401 | D:1      | Reached XP level 3. HP: 22/23 MP: 3/3
   832 | D:2      | Reached XP level 4. HP: 27/29 MP: 4/4
  1047 | D:2      | Noticed Ijyb
  1057 | D:2      | Killed Ijyb
  1057 | D:2      | Reached skill level 4 in Shields
  1500 | D:3      | Reached XP level 5. HP: 32/33 MP: 5/5
  1549 | D:3      | Reached skill level 1 in Dodging
  1751 | D:3      | Found a glowing drain.
  1766 | Sewer    | Entered a sewer
  1825 | Sewer    | Noticed a big kobold
  1846 | Sewer    | Killed a big kobold
  1846 | Sewer    | Reached XP level 6. HP: 35/38 MP: 6/6
  1883 | Sewer    | Found a white marble altar of Elyvilon.
  1970 | Sewer    | Became a worshipper of Elyvilon the Healer
  2096 | D:3      | Reached skill level 5 in Shields
  2122 | D:3      | Killed from afar by an orc wizard

Skill      XL: |  1  2  3  4  5  6 |
---------------+-------------------+-----
Maces & Flails | 3 4 |  4.1
Shields        | 4 5 |  5.0
Dodging        | 1 |  1.3
Armour         | 4 |  4.1
Fighting       | 4 |  4.0

Action                   |  1- 3 |  4- 6 || total
-------------------------+-------+-------++-------
Melee: Flail             |   157 |   256 ||   413
 Abil: Evoke Flight      |       |     1 ||     1
  Use: Scroll            |       |     1 ||     1
  Eat: Chunk             |       |     5 ||     5
Armor: Scale mail        |   115 |   190 ||   305
Dodge: Dodged            |    74 |   117 ||   191
Block: Shield            |   119 |   176 ||   295
